 Dungeon Crawl Stone Soup version 0.28-a0-1435-g82390b3a13 (webtiles) character file.

Game seed: 10198938248138975034

173014 Delamore the Unseen (level 18, -12/134 HPs)
             Began as an Octopode Brigand on Jan 9, 2022.
             Was an Initiate of Gozag.
             Mangled by a naga warrior (25 damage)
             ... on level 4 of the Snake Pit.
             The game lasted 01:18:49 (49216 turns).

Delamore the Unseen (Octopode Brigand)             Turns: 49216, Time: 01:18:50

Health: -12/134    AC:  3    Str: 10    XL:     18   Next: 4%
Magic:  18/18      EV: 24    Int: 12    God:    Gozag
Gold:   510        SH: 34    Dex: 34    Spells: 17/17 levels left

rFire   + + .      SeeInvis +   C - +7 short sword of Youthful Indiscretion {drain, rF+}
rCold   + . .      Faith    .   a - +10 tower shield of Ignorance {rN+ Int-4}
rNeg    + + .      Spirit   .   Y - +2 hat "Toamomu" {Will+}
rPois   +          Reflect  .   k - amulet of the acrobat
rElec   +          Harm     .   K - ring of Amorality {rF+ Dex+6}
rCorr   +          Rampage  .   J - ring of willpower
Will    +++..                   t - +4 ring of slaying
Stlth   ++++++++++              q - ring of protection from cold
HPRegen 0.32/turn               z - ring of poison resistance
MPRegen 0.16/turn               n - ring of Valuledump {rElec SInv}
                                Z - ring of Wepur {rN+ rCorr Int+2 Dex+7}
                                Q - +4 ring of evasion

@: constricted, studying Fighting
A: almost no armour, amphibious, 8 rings, camouflage 1, gelatinous body 1,
(nimble swimmer 1), tentacles
a: Renounce Religion, Potion Petition, Call Merchant, Bribe Branch


You were on level 4 of the Snake Pit.
You worshipped Gozag.
Gozag was pleased with you.
You visited 5 branches of the dungeon, and saw 28 of its levels.
You also visited: Ossuary, Ice Cave and Volcano.

You collected 10886 gold pieces.
You spent 6262 gold pieces at shops.
You paid 4114 gold pieces to Gozag.

Inventory:

Hand Weapons
 C - the +7 short sword of Youthful Indiscretion (weapon) {drain, rF+}
   (You found it on level 12 of the Dungeon)

   A truly terrible weapon, it drains the life of any living foe it strikes.
   rF:        It protects you from fire.
 I - a +1 dagger of freezing
Missiles
 c - 4 curare-tipped darts
 j - 7 atropa-tipped darts
 m - 3 poisoned darts
 E - 2 throwing nets
 O - 6 javelins
 T - 25 boomerangs (quivered)
Armour
 a - the +10 tower shield of Ignorance (worn) {rN+ Int-4}
   (You bought it in a shop on level 10 of the Dungeon)

   Int:       It affects your intelligence (-4).
   rN:        It protects you from negative energy.
 Y - the +2 hat "Toamomu" (worn) {Will+}
   (You acquired it on level 2 of the Lair of Beasts)

   Will:      It increases your willpower.
Jewellery
 k - an amulet of the acrobat (around mantle)
 n - the ring of Valuledump (on tentacle) {rElec SInv}
   (You bought it in a shop on level 3 of the Snake Pit)

   [ring of see invisible]

   rElec:     It insulates you from electricity.
   SInv:      It lets you see invisible.
 q - a ring of protection from cold (on tentacle)
 t - a +4 ring of slaying (on tentacle)
 z - a ring of poison resistance (on tentacle)
 A - a ring of flight
 J - a ring of willpower (right tentacle)
 K - the ring of Amorality (left tentacle) {rF+ Dex+6}
   (You bought it in a shop on level 10 of the Dungeon)

   [ring of dexterity]

   Dex:       It affects your dexterity (+6).
   rF:        It protects you from fire.
 P - a +4 ring of evasion
 Q - a +4 ring of evasion (on tentacle)
 Z - the ring of Wepur (on tentacle) {rN+ rCorr Int+2 Dex+7}
   (You bought it in a shop on level 15 of the Dungeon)

   [ring of resist corrosion]

   Int:       It affects your intelligence (+2).
   Dex:       It affects your dexterity (+7).
   rN:        It protects you from negative energy.
   rCorr:     It protects you from acid and corrosion.
Wands
 i - a wand of acid (13)
 y - a wand of iceblast (48)
 D - a wand of flame (77)
 H - a wand of mindburst (10)
 M - a wand of paralysis (6)
 U - a wand of charming (1)
Scrolls
 g - 9 scrolls of teleportation
 p - 6 scrolls of magic mapping
 v - 2 scrolls of summoning
 w - 5 scrolls of enchant weapon
 x - 10 scrolls of enchant armour
 F - 4 scrolls of immolation
 G - 2 scrolls of fear
 N - a scroll of brand weapon
 R - 3 scrolls of fog
 W - 2 scrolls of silence
 X - 2 scrolls of blinking
Potions
 d - 5 potions of cancellation
 e - 2 potions of mutation
 f - 2 potions of resistance
 h - 3 potions of curing
 l - 4 potions of haste
 o - a potion of berserk rage
 r - 4 potions of invisibility
 u - 2 potions of ambrosia
 B - 5 potions of might
 V - 3 potions of heal wounds
Miscellaneous
 b - a phantom mirror
 s - a lightning rod (4/4)


   Skills:
 - Level 15.0 Fighting
 - Level 14.0 Short Blades
 - Level 10.0 Throwing
 - Level 10.0 Dodging
 + Level 20.3 Stealth
 - Level 15.0 Shields
 + Level 10.4 Evocations


You had 17 spell levels left.
You didn't know any spells.
Your spell library contained the following spells:

 Spells                   Type           Power      Damage    Failure   Level
 Animate Skeleton         Necr           0%         N/A       77%         1
 Apportation              Tloc           0%         N/A       77%         1
 Magic Dart               Conj           0%         1d3       77%         1
 Pain                     Necr           0%         1d4       77%         1
 Slow                     Hex            0%         N/A       77%         1
 Sting                    Tmut/Pois      0%         1d3       77%         1
 Summon Small Mammal      Summ           0%         N/A       77%         1
 Ensorcelled Hibernation  Hex/Ice        0%         N/A       88%         2
 Poisonous Vapours        Pois/Air       0%         N/A       88%         2
 Scorch                   Fire           0%         2d5       88%         2
 Static Discharge         Conj/Air       0%         N/A       88%         2
 Confusing Touch          Hex            0%         N/A       98%         3
 Gell's Gravitas          Tloc           0%         N/A       98%         3
 Lesser Beckoning         Tloc           0%         N/A       98%         3
 Ozocubu's Armour         Ice            0%         N/A       98%         3
 Spider Form              Tmut/Pois      0%         N/A       98%         3
 Stone Arrow              Conj/Erth      0%         3d7       98%         3
 Teleport Other           Tloc           0%         N/A       98%         3
 Vampiric Draining        Necr           0%         2d6       98%         3
 Animate Dead             Necr           0%         N/A       100%        4
 Dispel Undead            Necr           0%         3d6       100%        4
 Flame Wave               Conj/Fire      0%         2d4       100%        4
 Olgreb's Toxic Radiance  Pois           0%         N/A       100%        4
 Sticky Flame             Conj/Fire      0%         2d3       100%        4
 Alistair's Intoxication  Tmut/Pois      0%         N/A       100%        5
 Borgnjor's Vile Clutch   Necr/Erth      0%         N/A       100%        5
 Freezing Cloud           Conj/Ice/Air   0%         6-21      100%        5
 Metabolic Englaciation   Hex/Ice        0%         N/A       100%        5
 Conjure Ball Lightning   Conj/Air       0%         3x3d6     100%        6
 Death Channel            Necr           0%         N/A       100%        6
 Eringya's Noxious Bog    Tmut/Pois      0%         N/A       100%        6
 Simulacrum               Ice/Necr       0%         N/A       100%        6
 Summon Cactus Giant      Summ           0%         N/A       100%        6
 Ozocubu's Refrigeration  Ice            0%         4d5       100%        7
 Discord                  Hex            0%         N/A       100%        8
 Disjunction              Tloc           0%         N/A       100%        8
 Polar Vortex             Ice            0%         N/A       100%        9


Dungeon Overview and Level Annotations

Branches:
Dungeon (15/15)            Temple (1/1) D:7            Lair (6/6) D:11
  Snake (4/4) Lair:3       Spider (0/4) Lair:2        Slime (0/5) Lair:6
    Orc (2/2) D:10            Elf (0/3) Orc:2        Vaults (0/5) D:14
 Depths (0/4) D:15        Ossuary (visited)           IceCv (visited)
Volcano (visited)

Altars:
Gozag
Kikubaaqudgha
Vehumet
Yredelemnul
The Shining One
Beogh

Shops:
D:5 (   D:10 *[=(   D:15 =   Orc:2 ([*([   Lair:2 ?   Snake:3 =:=

Annotations:
D:5 2 transporters, Deminshera's ghost, novice HOAK


Innate Abilities, Weirdness & Mutations

You cannot wear most types of armour.
You are amphibious.
You can wear up to eight rings at the same time.
Your skin changes colour to match your surroundings (Stealth+).
Your rubbery body absorbs attacks. (AC +1, EV +1)
((You are camouflaged when in or above water. (Stealth+)))
You have tentacles for arms and can constrict up to eight enemies at once.


Message History

The bolt of poison hits the naga warrior!
The bolt of poison misses you.
The naga sharpshooter spits poison at you.
The splash of poison hits you. You resist.
You puncture the nagaraja!
You squeeze the nagaraja, but do no damage.
The nagaraja is severely wounded.
You feel sick.
The nagaraja casts a spell.
The nagaraja seems to speed up.
The nagaraja constricts you.
The naga sharpshooter shoots a bolt.
You block the bolt.
The nagaraja mumbles some strange words.
The nagaraja seems to speed up.
You hit the nagaraja but do no damage. You drain the nagaraja.
The nagaraja is severely wounded.
You feel sick.
You are no longer poisoned.
The naga sharpshooter mumbles some strange words.
The naga sharpshooter magically shoots a bolt.
The bolt hits you!!
The nagaraja points at you and mumbles some strange words.
You block the poison arrow. The nagaraja constricts you.
You puncture the nagaraja!
The nagaraja is severely wounded.
The naga sharpshooter shoots a bolt.
You block the bolt.
The nagaraja gestures at you while chanting.
You block the poison arrow. The nagaraja constricts you.
A nagaraja comes into view. It is wielding a +0 halberd.
You block the naga warrior's attack.
The nagaraja's grasp on you weakens, but your attempt to escape fails.
You block the nagaraja's attack.
The naga sharpshooter shoots a bolt.
The bolt hits you!!
* * * LOW HITPOINT WARNING * * *
The nagaraja completely misses you. The nagaraja constricts you.
* * * LOW HITPOINT WARNING * * *
The nagaraja hits you from afar with a +1 spear of venom!!
* * * LOW HITPOINT WARNING * * *
The naga warrior hits you with a +0 hand axe!!
You die...
Your body crumbles into a pile of gold.

#...#
..###.....##
#...#
...###.....#
#...# N..#
#......# #..$##
...# #.......
##.$.# ##...#
#....N.. #...##
#....# #[......
##...## ###N..#
#....#..
#....######NN...#
#....##.
##........@N$..##
#....###
##..)....$N..##
#....#.#
###......####
..N.#<# ########
..N### #.# #N##
##N### #NN#.
##NN#


You could see a naga warrior (catching breath), 3 nagarajas and a naga
sharpshooter (fast, drained).

Vanquished Creatures
  Saint Roka (Snake:4)
  Bai Suzhen (Snake:4)
  Jorgrun (D:13)
  Rupert (Lair:3)
  2 frost giants (IceCv)
  6 nagarajas
  Nessos (D:12)
  A white draconian (IceCv)
  An ettin (D:10)
  Josephine (D:13)
  The ghost of makewrite the Basher, a journeyman MiBe of Trog (Lair:1)
  12 naga warriors
  Harold (D:8)
  Fannar (D:11)
  11 hydras
  2 ice dragons (D:15)
  A boulder beetle (D:14)
  2 salamander tyrants
  5 anacondas
  6 ironbound frosthearts (IceCv)
  An ogre mage (D:15)
  A catoblepas (Lair:3)
  Erica (D:11)
  4 centaur warriors
  7 two-headed ogres
  3 tengu warriors
  Urug (D:10)
  9 death yaks
  13 naga sharpshooters
  4 shock serpents
  Sonja (D:12)
  Nergalle (Lair:1)
  A skeletal warrior (D:11)
  A fire crab (Lair:6)
  3 salamander mystics
  5 sea snakes (Snake:2)
  An orange crystal statue (IceCv)
  11 orc knights
  5 deep elf pyromancers
  2 wizards
  3 mana vipers
  27 ugly things
  2 orc sorcerers
  8 cyclopes
  13 salamanders
  4 manticores
  2 guardian serpents (Snake:1)
  31 black mambas
  2 molten gargoyles (Lair:6)
  11 cane toads
  7 naga magi
  2 kobold demonologists (D:14)
  A rime drake (shapeshifter) (D:13)
  An efreet (Volcano)
  17 rime drakes
  2 freezing wraiths
  13 komodo dragons
  2 tengu conjurers
  14 polar bears (IceCv)
  5 trolls
  3 meliai (D:14)
  A polar bear (shapeshifter) (D:14)
  3 blink frogs (Lair:6)
  10 slime creatures
  2 centaur simulacra (D:15)
  A yak (shapeshifter) (D:13)
  Sigmund (D:3)
  5 wyverns
  10 wraiths
  59 yaks
  3 fire elementals (Volcano)
  2 hogs (D:11)
  10 basilisks
  A vampire (D:14)
  A human (D:11)
  Eustachio (D:5)
  A redback (Lair:2)
  4 steam dragons
  Menkaure (D:5)
  3 swamp worms (D:10)
  6 wargs
  Edmund (D:4)
  11 vampire mosquitoes
  35 nagas
  2 acid dragons
  4 hell hounds
  18 water moccasins
  2 sky beasts
  40 orc warriors
  An ice beast (D:8)
  8 ogres
  6 wolves (Lair:2)
  11 centaurs
  2 kobold brigands
  12 bullfrogs
  A gnoll sergeant (D:5)
  A wyvern zombie (D:6)
  A water moccasin zombie (D:5)
  4 wights (D:9)
  4 killer bees (D:11)
  11 electric eels
  3 howler monkeys (D:13)
  4 jellies
  6 lava snakes
  2 centaur zombies
  A centaur skeleton (D:6)
  15 orc priests
  4 hounds
  Crazy Yiuf (D:3)
  2 bullfrog skeletons (D:6)
  4 iguanas
  Ijyb (D:3)
  Terence (D:3)
  39 orc wizards
  9 hell rats
  A mummy (Ossuary)
  A howler monkey zombie (D:9)
  3 gnolls (D:5)
  A howler monkey skeleton (D:6)
  3 adders
  3 white imps
  An ufetubus (D:5)
  3 worms
  5 dart slugs
  83 orcs
  4 spectral bats (Ossuary)
  10 ball pythons
  10 bats
  7 endoplasms
  7 giant cockroaches
  8 goblins
  6 hobgoblins
  9 kobolds
  4 quokkas
  4 bat simulacra (Ossuary)
  3 frilled lizards
  12 gnoll zombies (Ossuary)
  4 goblin simulacra (Ossuary)
  3 goblin zombies (Ossuary)
  5 hobgoblin zombies (Ossuary)
  2 kobold simulacra (Ossuary)
  6 kobold zombies (Ossuary)
  4 orc zombies (Ossuary)
  10 rats
  2 rat simulacra (Ossuary)
  8 spectral goblins (Ossuary)
  3 spectral rats (Ossuary)
930 creatures vanquished.

Vanquished Creatures (collateral kills)
  A fire dragon (Lair:6)
  A yak (D:11)
  3 orc warriors (Orc:1)
  An ogre (Orc:1)
  An orc priest (Orc:1)
  2 orc wizards (Snake:4)
  4 orcs
13 creatures vanquished.

Vanquished Creatures (others)
  An orc knight (Orc:2)
  A black mamba (Snake:4)
  A komodo dragon (Lair:5)
  2 trolls (Orc:1)
  An ogre (Orc:1)
  An orc priest (Orc:1)
  An orc wizard (Orc:1)
  A hell rat (Lair:5)
  23 fungi
  39 plants
71 creatures vanquished.

Grand Total: 1014 creatures vanquished

Notes
Turn   | Place    | Note
-------+----------+-------------------------------------------
     0 | D:1      | Delamore the Octopode Brigand began the quest for the Orb.
     0 | D:1      | Reached XP level 1. HP: 14/14 MP: 1/1
   109 | D:1      | Reached XP level 2. HP: 14/19 MP: 2/2
   451 | D:1      | Reached XP level 3. HP: 20/24 MP: 3/3
  1153 | D:2      | Reached skill level 6 in Stealth
  1489 | D:2      | Reached XP level 4. HP: 29/29 MP: 4/4
  1964 | D:3      | Reached XP level 5. HP: 20/34 MP: 5/5
  2185 | D:3      | Noticed Ijyb
  2208 | D:3      | Killed Ijyb
  2273 | D:3      | Found a faded altar of an unknown god.
  2290 | D:3      | Noticed Terence
  2298 | D:3      | Killed Terence
  2439 | D:3      | Found an opulent altar of Gozag.
  2458 | D:3      | Became a worshipper of Gozag Ym Sagoz the Greedy
  2548 | D:3      | Noticed Sigmund
  2555 | D:3      | Killed Sigmund
  2556 | D:3      | Reached skill level 7 in Stealth
  2556 | D:3      | Reached XP level 6. HP: 39/39 MP: 6/6
  2569 | D:3      | Found a runed translucent door.
  2570 | D:3      | Noticed Crazy Yiuf
  2579 | D:3      | Killed Crazy Yiuf
  2844 | D:4      | Found a sand-covered staircase.
  2848 | Ossuary  | Entered an ossuary
  3311 | Ossuary  | Reached XP level 7. HP: 43/43 MP: 7/7
  3313 | Ossuary  | Reached skill level 8 in Stealth
  3692 | D:4      | Reached skill level 5 in Short Blades
  4046 | D:4      | Noticed Edmund
  4053 | D:4      | Killed Edmund
  4272 | D:5      | Entered Level 5 of the Dungeon
  4274 | D:5      | Reached skill level 9 in Stealth
  4382 | D:5      | Reached skill level 1 in Evocations
  4382 | D:5      | Reached XP level 8. HP: 50/50 MP: 8/8
  4710 | D:5      | Found Nuph's Antique Weapon Shoppe.
  4764 | D:5      | Noticed Menkaure
  4769 | D:5      | Reached skill level 10 in Stealth
  4775 | D:5      | Killed Menkaure
  5135 | D:5      | Noticed Eustachio
  5144 | D:5      | Killed Eustachio
  5153 | D:5      | Noticed Deminshera's ghost (novice HOAK)
  5217 | D:5      | Found a transporter.
  5222 | D:5      | Identified the +11 dire flail "Nitunil" {protect, *Rage
                  | rPois rC+ Str+2}
  5363 | D:5      | Found a transporter.
  5556 | D:5      | Noticed a wyvern
  5559 | D:5      | Killed a wyvern
  5807 | D:6      | Reached XP level 9. HP: 54/54 MP: 9/9
  6665 | D:7      | Found a staircase to the Ecumenical Temple.
  7665 | Temple   | Entered the Ecumenical Temple
  7692 | D:8      | Noticed Harold
  7706 | D:8      | Killed Harold
  8474 | D:8      | Reached XP level 10. HP: 65/65 MP: 10/10
  8488 | D:8      | Reached skill level 5 in Fighting
  8795 | D:8      | Reached skill level 5 in Dodging
  9531 | D:9      | Noticed a two-headed ogre
  9587 | D:9      | Killed a two-headed ogre
  9588 | D:9      | Reached skill level 10 in Short Blades
 10342 | D:9      | Reached skill level 11 in Stealth
 10991 | D:9      | Reached skill level 12 in Stealth
 11407 | D:9      | Reached XP level 11. HP: 71/71 MP: 11/11
 12052 | D:9      | Reached skill level 13 in Stealth
 13093 | D:10     | Entered Level 10 of the Dungeon
 13136 | D:10     | Bought a +4 ring of protection for 504 gold pieces
 13276 | D:10     | Noticed Urug
 13282 | D:10     | Killed Urug
 13351 | D:10     | Found a staircase to the Orcish Mines.
 13448 | D:10     | Reached skill level 14 in Stealth
 13458 | D:10     | Reached skill level 1 in Shields
 13843 | D:10     | Found Rammanu's Dragon-Slaying Spoils.
 14056 | D:11     | Noticed Erica
 14058 | D:11     | Killed Erica
 14087 | D:11     | Noticed Fannar
 14093 | D:11     | Killed Fannar
 14102 | D:11     | Noticed a white ugly thing
 14108 | D:11     | Found a staircase to the Lair.
 14109 | D:11     | Killed a white ugly thing
 14173 | D:11     | Noticed a cyclops
 14180 | D:11     | Killed a cyclops
 14181 | D:11     | Reached skill level 15 in Stealth
 14348 | D:11     | Reached XP level 12. HP: 77/77 MP: 12/12
 14377 | D:11     | Reached skill level 10 in Dodging
 14838 | D:11     | Reached skill level 5 in Shields
 14838 | D:11     | Reached skill level 5 in Evocations
 15005 | D:11     | Noticed a seven-headed hydra
 15009 | D:11     | Killed a seven-headed hydra
 15775 | D:11     | Noticed an eight-headed hydra
 15775 | D:11     | Noticed a tengu warrior
 15786 | D:11     | Killed an eight-headed hydra
 15797 | D:11     | Killed a tengu warrior
 15822 | D:11     | Identified the ring of the Echidna {Ice Str+2 SInv}
 15971 | Lair:1   | Entered Level 1 of the Lair of Beasts
 16096 | Lair:1   | Noticed Nergalle
 16103 | Lair:1   | Killed Nergalle
 16104 | Lair:1   | Reached skill level 16 in Stealth
 16650 | Lair:1   | Reached XP level 13. HP: 86/86 MP: 13/13
 16879 | Lair:1   | Found a runed translucent door.
 16880 | Lair:1   | Noticed makewrite's ghost (journeyman MiBe)
 17782 | Lair:1   | Killed makewrite's ghost
 18354 | Lair:2   | Found a hole to the Spider Nest.
 19257 | Lair:3   | Found a staircase to the Snake Pit.
 19291 | Lair:2   | Identified a scroll of acquirement
 19291 | Lair:2   | Acquired the +2 hat "Toamomu" {Will+}
 19303 | Lair:2   | Bought a scroll of blinking for 112 gold pieces
 19303 | Lair:2   | Bought a scroll of identify for 30 gold pieces
 19303 | Lair:2   | Bought a scroll of identify for 30 gold pieces
 19303 | Lair:2   | Bought a scroll of identify for 30 gold pieces
 19303 | Lair:2   | Bought a scroll of noise for 15 gold pieces
 19914 | Lair:3   | Noticed Rupert
 19920 | Lair:3   | Killed Rupert
 19921 | Lair:3   | Reached skill level 17 in Stealth
 20339 | Lair:3   | Reached skill level 10 in Evocations
 20795 | Lair:4   | You fall into a shaft and drop 2 floors!
 20795 | Lair:6   | Entered Level 6 of the Lair of Beasts
 23617 | Lair:4   | Reached skill level 18 in Stealth
 24150 | Lair:5   | Reached XP level 14. HP: 97/97 MP: 14/14
 24242 | Lair:5   | HP: 4/97 [seven-headed hydra (13)]
 25705 | Lair:6   | Found a staircase to the Slime Pits.
 25778 | Lair:6   | Reached skill level 10 in Fighting
 27006 | Lair:6   | Reached skill level 19 in Stealth
 27368 | Lair:6   | Reached skill level 5 in Throwing
 27637 | Lair:6   | Found a large runed translucent door.
 27637 | Lair:6   | Found a large runed translucent door.
 29841 | Orc:1    | Entered Level 1 of the Orcish Mines
 30558 | Orc:2    | Entered Level 2 of the Orcish Mines
 30558 | Orc:2    | Found a staircase to the Elven Halls.
 30762 | Orc:2    | Reached XP level 15. HP: 47/103 MP: 15/15
 30850 | Orc:2    | Found a dark tunnel.
 30940 | Volcano  | Entered a volcano
 31312 | Orc:2    | Paralysed by an orc sorcerer for 4 turns
 31321 | Orc:2    | Reached skill level 20 in Stealth
 31746 | Orc:2    | Found Cukkas's General Store.
 31808 | Orc:2    | Found Gemedeah's Weapon Emporium.
 31808 | Orc:2    | Found Niug's Antique Armour Shop.
 32195 | Orc:2    | Found Laojy's Weapon Emporium.
 32195 | Orc:2    | Found Arosuon's Antique Armour Shop.
 33786 | Orc:2    | Bought a kite shield for 85 gold pieces
 33872 | D:10     | Bought the +10 tower shield of Ignorance {rN+ Int-4} for
                  | 859 gold pieces
 33872 | D:10     | Found the +10 tower shield of Ignorance {rN+ Int-4}
 34045 | D:12     | Noticed Sonja
 34048 | D:12     | Killed Sonja
 34695 | D:12     | Noticed Nessos
 34702 | D:12     | Killed Nessos
 35439 | D:12     | Identified the +7 short sword of Youthful Indiscretion
                  | {drain, rF+}
 35504 | D:10     | Bought the ring of Amorality {rF+ Dex+6} for 1015 gold
                  | pieces
 35565 | D:13     | Noticed Josephine
 35570 | D:13     | Killed Josephine
 36028 | D:13     | Noticed Jorgrun
 36036 | D:13     | Killed Jorgrun
 36295 | D:13     | Paralysed by a centaur for 3 turns
 37382 | D:14     | Found a glowing golden altar of the Shining One.
 37872 | D:14     | Found a gate to the Vaults.
 38393 | D:15     | Entered Level 15 of the Dungeon
 38452 | D:15     | Found a frozen archway.
 38473 | IceCv    | Entered an ice cave
 38495 | IceCv    | Reached skill level 10 in Throwing
 38535 | IceCv    | Reached XP level 16. HP: 99/109 MP: 16/16
 39912 | IceCv    | Reached skill level 10 in Shields
 40496 | IceCv    | Got the Collected Works on Lethal Ice
 41104 | D:15     | Found a radiant altar of Vehumet.
 41540 | D:15     | Found a staircase to the Depths.
 41835 | D:15     | Bought the ring of Wepur {rN+ rCorr Int+2 Dex+7} for 851
                  | gold pieces
 41951 | Snake:1  | Entered Level 1 of the Snake Pit
 43371 | Snake:1  | Reached XP level 17. HP: 116/116 MP: 17/17
 44184 | Snake:2  | Identified the +0 ring mail of the Eternal Fruit {rElec
                  | Regen+}
 46882 | Snake:3  | Found Yffa Sap's Jewellery Shop.
 46882 | Snake:3  | Found Fitzirphu's Book Emporium.
 46883 | Snake:3  | Found Xawucsua's Jewellery Shop.
 47602 | Snake:3  | Bought the ring of Valuledump {rElec SInv} for 435 gold
                  | pieces
 47607 | Snake:3  | Bought a manual of Fighting for 1360 gold pieces
 47610 | Snake:3  | Bought a +4 ring of slaying for 936 gold pieces
 47664 | Snake:4  | Entered Level 4 of the Snake Pit
 47797 | Snake:4  | Noticed Saint Roka
 47991 | Snake:4  | Killed Saint Roka
 47992 | Snake:4  | Reached skill level 15 in Shields
 48372 | Snake:4  | Noticed Bai Suzhen
 48374 | Snake:4  | Killed Bai Suzhen
 48776 | Snake:4  | Reached skill level 15 in Fighting
 49170 | Snake:4  | Reached XP level 18. HP: 134/134 MP: 18/18
 49216 | Snake:4  | Mangled by a naga warrior

Illustrated notes

Levels and vault maps discovered:
D:1:      dpeg_arrival_castle, layout_basic
D:2:      layout_loops_corners
D:3:      layout_rooms, mainiacjoe_overflow_six_doors_small,
          dreamdust_ecumenical_altar_angels_and_demons, uniq_ijyb,
          uniq_crazy_yiuf_cottage, uniq_terence, uniq_sigmund
D:4:      layout_basic, enter_ossuary_5, uniq_edmund
D:5:      layout_loops_ring, gammafunk_ghost_smash, serial_shops, shop,
          uniq_menkaure, uniq_eustachio
D:6:      layout_rooms
D:7:      layout_basic, temple_statues
D:8:      layout_layer_cave, roderic_roman_lattice, uniq_harold
D:9:      minmay_flawed_box, layout_loops_corners, water_boxes_lemuel
D:10:     layout_rooms, orc_0_dummy, serial_curves, eino_curves_03,
          eino_curves_01, nicolae_shop_dragon_depot, worms_lemuel, uniq_urug
D:11:     minmay_the_grid_triangle_9x9_rhombus_full
          [minmay_the_grid_triangle_9x9_pentomino_pain,
          minmay_the_grid_triangle_9x9_zippers_horizontal,
          minmay_the_grid_triangle_9x9_alien,
          minmay_the_grid_triangle_9x9_corrupted_corridor,
          minmay_the_grid_triangle_9x9_sprig,
          minmay_the_grid_triangle_9x9_intruding_spiral,
          minmay_the_grid_triangle_9x9_warning,
          minmay_the_grid_triangle_9x9_prize_top_heavy], layout_long_grid,
          lair_entry_dummy, grunt_livestock, minmay_liquid_box, uniq_fannar,
          uniq_erica
D:12:     layout_gridville, st_stairs_7, kennysheep_another_room, uniq_nessos,
          uniq_sonja
D:13:     layout_gridville, uniq_josephine, uniq_jorgrun
D:14:     layout_gridville, david_vaults_1, tso_metal_star, grunt_ministairs_8,
          hangedman_glass_teeth, chequers_serial_rivers_large_b,
          minmay_increasing_density
D:15:     grunt_enter_depths_hoard, layout_long_grid, nicolae_vehumet_radiance,
          portal_ice_cave_entry_pillars_four
Temple:   minmay_crystal_snake_temple
Lair:1:   layout_long_grid, ebering_ghost_reflecting_pool, serial_bayou_shore_b,
          uniq_nergalle
Lair:2:   layout_loops_ring, spider_nest_entry_webs, infiniplex_staircase_pool_2
Lair:3:   layout_long_grid, minmay_snake_entry_guardpost_small,
          grunt_megastairs_4, infiniplex_staircase_pool, serial_bayou_shore_a,
          uniq_rupert
Lair:4:   layout_cave_pods, lemuel_old_faithful
Lair:5:   layout_gridlike, chequers_serial_rivers_micro_b, serial_bayou_ford_a,
          nicolae_quartered_pool_super, minivault_27
Lair:6:   cheibrodos_lair_end_hotspot, layout_gridlike,
          minmay_slime_entry_pillars
Snake:1:  layout_gridlike
Snake:2:  layout_onion_interference, serial_bayou_lagoon_b
Snake:3:  layout_cave_pods, minmay_shop_grove
Snake:4:  grunt_snake_rune_spirals, layout_onion_interference, basic_altar,
          corexii_hall_statues_t, uniq_saint_roka, uniq_bai_suzhen
Orc:1:    layout_caves, basic_altar
Orc:2:    st_orc_town, layout_caves, nicolae_volcano_entry_s_turn, serial_shops,
          shop, basic_altar

Skill      XL: |  1  2  3  4  5  6  7  8  9 10 11 12 13 14 15 16 17 |
---------------+----------------------------------------------------+-----
Stealth        | 6 7 9 10 12 15 16 18 19 20 | 20.3
Short Blades   | 3 4 5 8 9 10 11 12 14 | 14.0
Throwing       | 3 4 6 10 | 10.0
Evocations     | 1 4 8 10 | 10.4
Dodging        | 4 7 9 10 | 10.0
Fighting       | 4 5 7 9 10 15 | 15.0
Shields        | 4 5 8 13 15 | 15.0

Action                   |  1- 3 |  4- 6 |  7- 9 | 10-12 | 13-15 | 16-18 || total
-------------------------+-------+-------+-------+-------+-------+-------++-------
Melee: Dagger            |    66 |   136 |   154 |   442 |   233 |       ||  1031
       Constrict         |    13 |    29 |    17 |    41 |   162 |    59 ||   321
       Tentacles         |    12 |    28 |    34 |   134 |   463 |   381 ||  1052
       Punch             |       |     1 |     4 |     8 |    29 |    25 ||    67
       Rapier            |       |       |       |       |  1026 |       ||  1026
       Short sword       |       |       |       |       |   207 |  1075 ||  1282
Throw: Dart              |       |     8 |    20 |    70 |     5 |     2 ||   105
       Boomerang         |       |       |       |    15 |    16 |    26 ||    57
       Javelin           |       |       |       |       |    12 |     6 ||    18
       Throwing net      |       |       |       |       |       |     2 ||     2
Invok: Call Merchant     |       |       |       |     2 |     2 |     1 ||     5
Evoke: Wand              |       |       |     2 |     4 |    28 |     4 ||    38
       Lightning rod     |       |       |       |       |     9 |     2 ||    11
       Phantom mirror    |       |       |       |       |       |     1 ||     1
  Use: Scroll            |       |     8 |     6 |     6 |    17 |     4 ||    41
       Potion            |       |       |       |     1 |     3 |     4 ||     8
 Stab: Sleeping          |    16 |    17 |    24 |    45 |    77 |    64 ||   243
       Distracted        |       |     2 |     8 |    10 |    16 |    21 ||    57
       Paralysed         |       |       |       |       |     3 |     2 ||     5
Armor: Skin              |     7 |    18 |     4 |     9 |    84 |    17 ||   139
Dodge: Dodged            |    22 |    53 |    42 |   131 |   882 |   290 ||  1420
Block: Buckler           |       |       |       |    33 |   235 |       ||   268
       Tower shield      |       |       |       |       |   335 |  1149 ||  1484

Table legend: (Time is in decaauts)
 A = Elapsed time spent in this place.
 B = Non-inter-level travel time spent in this place.
 C = Inter-level travel time spent in this place.
 D = Time resting spent in this place.
 E = Time spent auto-exploring this place.
 F = Levels seen in this place.
 G = Mean time per level.
                   A        B        C        D        E       F      G
               +--------+--------+--------+--------+--------+-----+--------+
         Total |  48200 |  46331 |   1869 |  13045 |  25488 |  31 | 1554.8 |
       Dungeon |  21591 |  20366 |   1225 |   3887 |  13341 |  15 | 1439.4 |
        Temple |      1 |      1 |      0 |      0 |      0 |   1 |    1.0 |
          Lair |  13963 |  13537 |    426 |   5179 |   6598 |   6 | 2327.2 |
     Snake Pit |   6415 |   6317 |     98 |   1855 |   3225 |   4 | 1603.8 |
  Orcish Mines |   3341 |   3222 |    119 |   1081 |   1355 |   2 | 1670.5 |
       Ossuary |    557 |    557 |      0 |      4 |    347 |   1 |  557.0 |
      Ice Cave |   2072 |   2072 |      0 |    960 |    622 |   1 | 2072.0 |
       Volcano |    256 |    256 |      0 |     78 |      0 |   1 |  256.0 |
               +--------+--------+--------+--------+--------+-----+--------+

Top non-repeatable levels by time:
  Lair:6: 3039 daAuts
     D:9: 3039 daAuts
  Lair:4: 2739 daAuts
  Lair:5: 2670 daAuts
    D:11: 2208 daAuts
 Snake:3: 2147 daAuts
   IceCv: 2072 daAuts
  Lair:1: 2023 daAuts
  Lair:3: 2019 daAuts
     D:8: 2015 daAuts
   Orc:2: 1878 daAuts
     D:7: 1811 daAuts
    D:14: 1691 daAuts
 Snake:2: 1592 daAuts
    D:12: 1546 daAuts
